 Dungeon Crawl Stone Soup version 0.27.1-1-g398f81649c (webtiles) character file.

Game seed: 14096830565161003971

387 speeev33 the Skirmisher (level 6, -13/84 HPs)
             Began as a Hill Orc Fighter on Sept 11, 2021.
             Mangled by Joseph (17 damage)
             ... on level 7 of the Dungeon.
             The game lasted 00:04:54 (4902 turns).

speeev33 the Skirmisher (Hill Orc Fighter)          Turns: 4902, Time: 00:04:55

Health: -13/84     AC:  7    Str: 21    XL:     6   Next: 78%
Magic:  6/6        EV:  7    Int:  8    God:
Gold:   257        SH: 10    Dex: 10    Spells: 5/5 levels left

rFire    . . .     SeeInvis .   a - +0 war axe
rCold    . . .     Faith    .   c - +1 kite shield
rNeg     . . .     Spirit   .   b - +0 scale mail
rPois    .         Reflect  .   (no helmet)
rElec    .         Harm     .   (no cloak)
rCorr    .         Rampage  .   (no gloves)
Will     .....                  (no boots)
Stlth    ..........             (no amulet)
HPRegen  0.24/turn              (no ring)
MPRegen  0.10/turn              (no ring)

@: berserking, very quick
A: no striking features
a: no special abilities


You were on level 7 of the Dungeon.
You visited 1 branch of the dungeon, and saw 6 of its levels.

You collected 257 gold pieces.

Inventory:

Hand Weapons
 a - a +0 war axe (weapon)
 j - a +0 flail
Armour
 b - a +0 scale mail (worn)
 c - a +1 kite shield (worn)
Wands
 i - a wand of iceblast (16)
Scrolls
 k - a scroll of teleportation
Potions
 d - a potion of curing {unknown}
 e - a potion of invisibility {unknown}
 f - a potion of berserk rage
 g - 2 potions of attraction {unknown}
 h - 2 potions of ambrosia


   Skills:
 + Level 5.4 Fighting
 + Level 5.1 Axes
 + Level 4.9 Armour
 + Level 4.9 Shields


You had 5 spell levels left.
You didn't know any spells.
Your spell library contained the following spells:

 Spells                   Type           Power      Damage    Failure   Level
 Animate Skeleton         Necr           0%         N/A       99%         1
 Apportation              Tloc           0%         N/A       99%         1
 Corona                   Hex            0%         N/A       99%         1
 Foxfire                  Conj/Fire      0%         2x1d4     99%         1
 Summon Small Mammal      Summ           0%         N/A       99%         1
 Ensorcelled Hibernation  Hex/Ice        0%         N/A       99%         2
 Conjure Flame            Conj/Fire      0%         6-21      100%        3
 Inner Flame              Hex/Fire       0%         N/A       100%        3
 Tukima's Dance           Hex            0%         N/A       100%        3


Dungeon Overview and Level Annotations

Branches:
Dungeon (5/15)
 Temple: D:4-7

Altars:
Ashenzari

Annotations:
D:5 2 runed translucent doors
D:7 Joseph


Message History

a +0 dagger; a kobold corpse Joseph shoots a sling bullet.
The sling bullet hits you!
You start resting.
Joseph is nearby!
Joseph shoots a sling bullet.
You block the sling bullet.
Joseph unwields a +0 hunting sling.
Joseph wields a +0 quarterstaff.
Joseph hits you with a +0 quarterstaff! You block Joseph's attack.
Sorry, you're not good enough to have a special ability.
A red film seems to cover your vision as you go berserk!
You feel yourself moving faster!
You feel mighty! Joseph hits you with a +0 quarterstaff.
You barely miss Joseph.
Joseph says, "You will never get the ORB, sorry."
Joseph hits you with a +0 quarterstaff!
* * * LOW HITPOINT WARNING * * *
You slash Joseph!
Joseph is moderately wounded.
Joseph smiles happily.
You block Joseph's attack.
You barely miss Joseph.
Joseph is moderately wounded.
Joseph says, "I'm here to kill trespassers.
I like my job."
Joseph hits you with a +0 quarterstaff.
* * * LOW HITPOINT WARNING * * *
You hit Joseph.
Joseph is moderately wounded.
You block Joseph's attack.
Your shield and scale mail prevent you from hitting Joseph.
Joseph is moderately wounded.
Joseph hits you with a +0 quarterstaff!
* * * LOW HITPOINT WARNING * * *
You closely miss Joseph.
Joseph is moderately wounded.
Joseph hits you with a +0 quarterstaff.
* * * LOW HITPOINT WARNING * * *
You hit Joseph.
Joseph is moderately wounded.
Joseph hits you with a +0 quarterstaff!
You die...

.# ## ..# # #.# #.# #.#
#.# #.#######
###############.......#
................@#
################@####
#.#.. # #)#.#.#
#.#.#.###.# #........#
###)#####. ##.# #.K#


You could see Joseph.

Vanquished Creatures
  A phantom (D:4)
  A kobold brigand (D:7)
  A jelly (D:3)
  An iguana (D:4)
  An orc wizard (D:4)
  3 adders (D:3)
  A shadow imp (D:7)
  2 adder skeletons (D:4)
  An adder zombie (D:5)
  2 worms
  2 dart slugs
  15 orcs
  5 bats
  8 endoplasms
  4 giant cockroaches
  5 goblins
  5 hobgoblins
  11 kobolds
  3 quokkas
  6 ball pythons
  5 frilled lizards
  11 rats
94 creatures vanquished.

Vanquished Creatures (others)
  5 plants (D:3)
5 creatures vanquished.

Grand Total: 99 creatures vanquished

Notes
Turn   | Place    | Note
-------+----------+-------------------------------------------
     0 | D:1      | speeev33 the Hill Orc Fighter began the quest for the Orb.
     0 | D:1      | Reached XP level 1. HP: 19/19 MP: 1/1
   366 | D:1      | Reached XP level 2. HP: 27/27 MP: 2/2
   886 | D:1      | Reached XP level 3. HP: 33/33 MP: 3/3
  1515 | D:2      | Found a faded altar of an unknown god.
  2230 | D:3      | Found a broken altar of Ashenzari.
  2287 | D:3      | Reached XP level 4. HP: 32/40 MP: 4/4
  3269 | D:3      | Reached XP level 5. HP: 44/47 MP: 5/5
  3627 | D:4      | Noticed a phantom
  3642 | D:4      | Killed a phantom
  3643 | D:4      | Reached skill level 5 in Fighting
  3643 | D:4      | Reached XP level 6. HP: 39/56 MP: 6/6
  4363 | D:5      | Entered Level 5 of the Dungeon
  4464 | D:5      | Found a runed translucent door.
  4466 | D:5      | Found a runed translucent door.
  4471 | D:5      | You fall into a shaft and drop 2 floors!
  4789 | D:7      | Reached skill level 5 in Axes
  4885 | D:7      | Noticed Joseph
  4901 | D:7      | HP: 4/84 [Joseph (2)]
  4902 | D:7      | Mangled by Joseph

Illustrated notes

Levels and vault maps discovered:
D:1:      lightli_molten_gateway, layout_basic
D:2:      minmay_chambers_of_ones, layout_basic,
          hellmonk_ecumenical_altar_slurped_away
D:3:      layout_basic, general_overflow_altar, chequers_big_river,
          guppyfry_early_orc_mine
D:4:      layout_cave_pools
D:5:      lemuel_insect_pit, layout_cave_pods, uniq_crazy_yiuf_cottage
D:7:      layout_loops_cross, grunt_ministairs_1, kennysheep_decorative_pillar,
          uniq_joseph

Skill      XL: |  1  2  3  4  5  6 |
---------------+-------------------+-----
Axes           | 3 4 5 |  5.1
Fighting       | 4 5 |  5.4
Armour         | 4 |  4.9
Shields        | 4 |  4.9

Action                   |  1- 3 |  4- 6 || total
-------------------------+-------+-------++-------
Melee: War axe           |   124 |   179 ||   303
  Use: Scroll            |     6 |     2 ||     8
       Potion            |       |     2 ||     2
Armor: Scale mail        |    61 |    83 ||   144
Dodge: Dodged            |    42 |    32 ||    74
Block: Kite shield       |    67 |   110 ||   177
